 Dungeon Crawl Stone Soup version 0.30-a0-711-gf4ac18a38d (webtiles) character file.

Game seed: 7031180697166561304

93 jlumianski the Trooper (level 4, 0/37 HPs)
             Began as a Demonspawn Fighter on Jan 22, 2023.
             Slain by a jelly (3 damage)
             ... on level 2 of the Dungeon.
             The game lasted 00:04:46 (1397 turns).

jlumianski the Trooper (Demonspawn Fighter)         Turns: 1397, Time: 00:04:47

Health: 0/37       AC:  0    Str: 18    XL:     4   Next: 37%
Magic:  4/4        EV:  9    Int:  9    God:
Gold:   57         SH:  4    Dex: 13    Spells: 3/3 levels left

rFire   . . .      SeeInvis .    a - +0 war axe
rCold   . . .      Faith    .    c - +0 buckler
rNeg    . . .      Spirit   .    b - +0 scale mail
rPois   .          Reflect  .    (no helmet)
rElec   .          Harm     .    (no cloak)
rCorr   .          Rampage  .    (no gloves)
Will    .....                    (no boots) Stlth
                                 (no amulet)
HPRegen 0.26/turn                (no ring)
MPRegen 0.09/turn                (no ring)

@: corroded, sanguine armoured
A: foul stench 2, sanguine armour 1
a: no special abilities


You were on level 2 of the Dungeon.
You visited 1 branch of the dungeon, and saw 3 of its levels.

You collected 57 gold pieces.

Inventory:

Hand Weapons
 a - a +0 war axe (weapon)
Missiles
 i - 23 stones (quivered)
 n - 3 boomerangs
 p - 3 javelins
Armour
 b - a +0 scale mail (worn)
 c - a +0 buckler (worn)
Jewellery
 w - a ring of willpower
Scrolls
 e - 2 scrolls of poison {unknown}
 g - 2 scrolls of teleportation {unknown}
 h - a scroll of silence {unknown}
 j - 3 scrolls of identify {unknown}
 k - a scroll of enchant weapon {unknown}
 l - 2 scrolls of magic mapping {unknown}
 m - 2 scrolls of torment {unknown}
 o - a scroll of blinking {unknown}
 q - a scroll of noise {unknown}
 r - a scroll of enchant armour {unknown}
 s - a scroll of immolation {unknown}
 t - a scroll of brand weapon {unknown}
Potions
 d - a potion of might
 f - 2 potions of heal wounds {unknown}
 u - a potion of mutation {unknown}
 v - a potion of haste {unknown}
 x - a potion of berserk rage {unknown}


   Skills:
 * Level 3.7 Fighting
 + Level 2.3 Axes
 + Level 3.4 Armour
 + Level 0.7 Dodging
 + Level 3.2 Shields


You had 3 spell levels left.
You didn't know any spells.
Your spell library contained the following spells:

 Spells                   Type           Power      Damage    Failure   Level
 Magic Dart               Conj           0%         1d3       86%         1
 Searing Ray              Conj           0%         2d4       94%         2
 Fulminant Prism          Conj/Hex       0%         3d5       100%        4


Dungeon Overview and Level Annotations

Branches:
Dungeon (3/15)

Altars:


Innate Abilities, Weirdness & Mutations

You sometimes emit foul miasma when damaged in melee.
When seriously injured, your blood forms armour. (AC +6)


Message History

The kobold is moderately wounded.
The kobold barely misses you.
You hit the kobold.
The kobold is severely wounded.
You block the kobold's attack. x2
You hit the kobold.
You kill the kobold!
i - 23 stones (gained 3)
You see here a +0 dagger.
w - a ring of willpower
g - 2 scrolls labelled LUOGEO QOOTHRUI (gained 1)
x - a coppery potion A hobgoblin and a jelly come into view.
Found 5 poisoned darts.
The hobgoblin shouts!
The jelly quivers.
You hit the jelly.
Your hands burn!
The jelly is lightly wounded.
The jelly hits you but does no damage. You block the jelly's attack.
You hit the jelly.
Your hands burn!
The jelly is lightly wounded.
The jelly hits you but does no damage.
You barely miss the jelly.
The jelly is lightly wounded.
The jelly closely misses you. The jelly hits you. The acid corrodes you!
You are splashed with acid!
Your blood congeals into armour.
You hit the jelly. The acid corrodes you!
Your hands burn!
The jelly is heavily wounded.
The jelly completely misses you.
You hit the jelly. The acid corrodes you!
Your hands burn!
The jelly is severely wounded.
The jelly closely misses you.
You hit the jelly but do no damage.
Your hands burn!
The jelly is severely wounded.
The jelly hits you.
* * * LOW HITPOINT WARNING * * *
You are splashed with acid!
* * * LOW HITPOINT WARNING * * *
The jelly hits you.
You die...

#.#.# #.#.## .# #.#..#
g( #.##.# .8 #.##.# .#
#.##.# .# #..#.# .##
##.#.####.!#
#..#.@Jg..8#
#.##########
#.......##############
#######.)......†......
################


You could see a jelly and a hobgoblin.

Vanquished Creatures
  5 adders (D:2)
  2 worms (D:2)
  2 ball pythons (D:2)
  5 bats
  4 endoplasms (D:1)
  A giant cockroach (D:1)
  4 goblins
  A hobgoblin (D:2)
  2 jackals (D:2)
  9 kobolds
  A quokka (D:2)
  2 frilled lizards
  6 rats
44 creatures vanquished.

Notes
Turn   | Place    | Note
-------+----------+-------------------------------------------
     0 | D:1      | jlumianski the Demonspawn Fighter began the quest for the
                  | Orb.
     0 | D:1      | Reached XP level 1. HP: 18/18 MP: 1/1
   167 | D:1      | Gained mutation: You may rarely emit foul miasma when
                  | damaged in melee. [demonic ancestry]
   167 | D:1      | Reached XP level 2. HP: 24/24 MP: 2/2
   802 | D:2      | Gained mutation: You sometimes emit foul miasma when
                  | damaged in melee. [demonic ancestry]
   802 | D:2      | Reached XP level 3. HP: 28/29 MP: 3/3
  1015 | D:2      | Gained mutation: When seriously injured, your blood forms
                  | armour. (AC +6) [demonic ancestry]
  1015 | D:2      | Reached XP level 4. HP: 37/37 MP: 4/4
  1397 | D:2      | Slain by a jelly

Illustrated notes

Levels and vault maps discovered:
D:1:      saegor_arrival_simple_a, layout_basic
D:2:      wad_river_or_something, layout_basic
D:3:      layout_basic, mainiacjoe_overflow_alcove_4,
          ebering_ghost_disaster_area, grunt_ministairs_13, uniq_sigmund,
          uniq_natasha, uniq_crazy_yiuf_cottage

Skill      XL: |  1  2  3 |
---------------+----------+-----
Armour         | 3 |  3.4
Shields        | 3 |  3.2
Axes           | 2 |  2.3
Fighting       | |  3.7
Dodging        | |  0.7

Action                     |  1- 3 |  4- 6 || total
---------------------------+-------+-------++-------
  Melee: War axe           |    95 |    51 ||   146
 Armour: Scale mail        |    58 |    12 ||    70
  Dodge: Dodged            |    58 |    21 ||    79
  Block: Buckler           |    32 |    16 ||    48

Table legend: (Time is in decaauts)
 A = Elapsed time spent in this place.
 B = Non-inter-level travel time spent in this place.
 C = Inter-level travel time spent in this place.
 D = Time resting spent in this place.
 E = Time spent auto-exploring this place.
 F = Levels seen in this place.
 G = Mean time per level.
                   A        B        C        D        E       F      G
               +--------+--------+--------+--------+--------+-----+--------+
         Total |   1463 |   1449 |     14 |      0 |    851 |   3 |  487.7 |
       Dungeon |   1463 |   1449 |     14 |      0 |    851 |   3 |  487.7 |
               +--------+--------+--------+--------+--------+-----+--------+

Top non-repeatable levels by time:
     D:1: 782 daAuts
     D:2: 657 daAuts
     D:3: 23 daAuts
